 Dungeon Crawl Stone Soup version 0.21-a0 (webtiles) character file.

122 Lexie the Magician (level 5, -5/31 HPs)
             Began as an Octopode Wizard on May 19, 2017.
             Killed from afar by Blork the orc (14 damage)
             ... with a puff of flame
             ... on level 4 of the Dungeon.
             The game lasted 00:04:13 (2805 turns).

Lexie the Magician (Octopode Wizard)                Turns: 2805, Time: 00:04:14

Health: -5/31      AC:  1    Str:  6    XL:     5   Next: 6%
Magic:  5/11       EV: 13    Int: 22    God:
Gold:   102        SH:  0    Dex: 10    Spells: 3/12 levels left

rFire    . . .     SeeInvis .   m - +0 dagger
rCold    . . .     Gourm    .   (no shield)
rNeg     . . .     Faith    .   a - +0 hat
rPois    .         Spirit   .   (no amulet)
rElec    .         Reflect  .   l - ring of flight
rCorr    .         Harm     .   s - ring of loudness (curse)
MR       .....                  (no ring)
Stlth    ++........             (no ring)
Regen    0.1/turn               (no ring)
MPRegen  0.2/turn               (no ring)
                                (no ring)
                                (no ring)

@: no status effects
A: almost no armour, stealthy swim, amphibious, 8 rings, constrict 8, camouflage
1, gelatinous body 1
a: Evoke Flight


You were on level 4 of the Dungeon.
You were hungry.

You visited 1 branch of the dungeon, and saw 4 of its levels.

You collected 102 gold pieces.

Inventory:

Hand Weapons
 m - a +0 dagger (weapon)
Armour
 a - a +0 hat (worn)
Jewellery
 l - a ring of flight (left tentacle)
 s - a cursed ring of loudness (right tentacle)
Scrolls
 f - 2 scrolls of recharging {unknown}
 g - a scroll of magic mapping {unknown}
 h - a scroll of enchant armour {unknown}
 j - 2 scrolls of amnesia {unknown}
 k - a scroll of teleportation {unknown}
 o - 3 scrolls of identify {unknown}
Potions
 d - a potion of flight {unknown}
 e - 2 potions of lignification {unknown}
 i - a potion of curing {unknown}
 n - a potion of invisibility {unknown}
 q - a potion of brilliance {unknown}
 r - 2 potions of degeneration {unknown}
 t - a potion of mutation {unknown}
Books
 b - a book of Minor Magic

   Spells                             Type                      Level
   a - Magic Dart                     Conjuration                  1
   b - Blink                          Translocation                2
   c - Call Imp                       Summoning                    2
   d - Slow                           Hexes                        2
   e - Conjure Flame                  Conjuration/Fire             3
   f - Mephitic Cloud                 Conjuration/Poison/Air       3
Comestibles
 c - a bread ration


   Skills:
 - Level 2.0 Dodging
 - Level 2.6 Stealth
 + Level 4.0 Spellcasting
 + Level 3.6 Conjurations
   Level 1.0 Summonings
 - Level 1.0 Translocations


You had 3 spell levels left.
You knew the following spells:

 Your Spells              Type           Power        Failure   Level  Hunger
a - Magic Dart            Conj           ###.         2%          1    None
b - Blink                 Tloc           N/A          11%         2    #......
c - Conjure Flame         Conj/Fire      ##......     16%         3    ###....
d - Mephitic Cloud        Conj/Pois/Air  #.......     21%         3    ###....


Dungeon Overview and Level Annotations

Branches:
Dungeon (4/15)
 Temple: D:4-7

Altars:
Cheibriados
Hepliaklqana
Ru

Annotations:
D:4 Blork the orc


Innate Abilities, Weirdness & Mutations

You cannot wear most types of armour.
You are very stealthy in the water. (Stealth+)
You are amphibious.
You can wear up to eight rings at the same time.
You can use your tentacles to constrict eight enemies at once.
Your skin changes colour to match your surroundings (Stealth+).
Your rubbery body absorbs attacks. (AC +1, EV +1)


Message History

Aiming: Magic Dart
Press: ? - help, Shift-Dir - straight line, f/p - jackal
Aim: a jackal (moderately wounded)
The magic dart hits the jackal.
You kill the jackal!
The orc shouts!
An orc comes into view.
An orc comes into view. It is wielding a short sword.
The orc shouts!
Found a snail-covered altar of Cheibriados.
Blork the orc comes into view.
He is wielding a scimitar.
Blork the orc shouts!
Found 14 stones.
Blork the orc begins to cast a cantrip, but forgets the words!
Blork the orc points at you and mumbles some strange words.
The puff of frost misses you.
Found 18 gold pieces.
Blork the orc gestures at you while chanting.
The puff of flame hits you!
You die...

###### .$... # #...# .#.
.# . #...# ......
#.#...# o..... #.#..@#
##.#...# #.....# ....o.
#.#...# ###...
#(#.#..o#######.#.###..#
.......o..oo............
#####...#####.....###..#
##### #.##### ....
...._..


You could see Blork the orc and an orc.

Vanquished Creatures
  5 adders
  An ooze (D:2)
  2 worms (D:2)
  A dart slug (D:2)
  A leopard gecko (D:2)
  3 orcs (D:3)
  10 bats
  4 giant cockroaches
  6 goblins
  9 hobgoblins
  4 jackals
  3 frilled lizards
  6 kobolds
  5 rats
60 creatures vanquished.

Vanquished Creatures (others)
  10 toadstools (D:3)
10 creatures vanquished.

Grand Total: 70 creatures vanquished

Notes
Turn   | Place    | Note
-------+----------+-------------------------------------------
     0 | D:1      | Lexie the Octopode Wizard began the quest for the Orb.
     0 | D:1      | Reached XP level 1. HP: 11/11 MP: 4/4
   415 | D:1      | Reached XP level 2. HP: 17/17 MP: 0/6
   927 | D:1      | Reached XP level 3. HP: 21/21 MP: 1/7
  1516 | D:2      | Learned a level 2 spell: Blink
  1520 | D:2      | Learned a level 3 spell: Conjure Flame
  1524 | D:2      | Learned a level 3 spell: Mephitic Cloud
  1609 | D:2      | Reached XP level 4. HP: 27/27 MP: 6/9
  1909 | D:2      | Found a hazy altar of Hepliaklqana.
  2357 | D:3      | Reached skill level 4 in Spellcasting
  2699 | D:3      | Reached XP level 5. HP: 31/31 MP: 1/11
  2781 | D:3      | Found a sacrificial altar of Ru.
  2793 | D:4      | Found a snail-covered altar of Cheibriados.
  2797 | D:4      | Noticed Blork the orc
  2805 | D:4      | Killed from afar by Blork the orc

Vault maps used:
D:1:      roderic_crossed_star
D:2:      marbit_many_paths
D:3:      cheibrodos_fertilizer, nicolae_overflow_crystal_walls, first_bread,
          serial_bayou_pond_c, nicolae_ru_awakened_eye
D:4:      kennysheep_little_box, cheibriados_altar_1, uniq_duvessa,
          uniq_eustachio, uniq_natasha, uniq_blork_the_orc

Skill      XL: |  1  2  3  4 |
---------------+-------------+-----
Conjurations   | 2 3 |  3.6
Spellcasting   | 4 |  4.0
Dodging        | |  2.0
Stealth        | |  2.6
Summonings     | |  1.0
Translocations | |  1.0

Action                   |  1- 3 |  4- 6 || total
-------------------------+-------+-------++-------
Melee: Unarmed           |    15 |       ||    15
       Constrict         |     5 |     7 ||    12
       Tentacles         |     6 |     3 ||     9
       Dagger            |    12 |    26 ||    38
 Cast: Magic Dart        |    75 |    67 ||   142
       Conjure Flame     |       |     2 ||     2
       Mephitic Cloud    |       |     1 ||     1
 Stab: Sleeping          |       |     1 ||     1
  Eat: Chunk             |     2 |     3 ||     5
Armor: Skin              |     3 |     6 ||     9
Dodge: Dodged            |    28 |    30 ||    58
